 Dungeon Sprint DCSS version 0.31-a0-986-g5e6e4ef867 (webtiles) character file.

Game seed: 511592421429600570

22295 dialectric the Ninja (level 12, -6/50 HPs)
             Began as a Spriggan Brigand on Nov 7, 2023.
             Was the Champion of Dithmenos.
             Succumbed to poison (dark miasma)
             ... in the Dungeon (Sprint I: "Red Sonja").
             The game lasted 00:13:08 (2103 turns).

dialectric the Ninja (Spriggan Brigand)             Turns: 2103, Time: 00:13:09

Health: -6/50      AC:  3    Str:  7    XL:     12   Next: 61%
Magic:  8/31       EV: 37    Int: 12    God:    Dithmenos [******]
Gold:   2561       SH:  0    Dex: 22    Spells: 42/47 levels left

rFire   . . .        a - +2 dagger
rCold   . . .        (no shield)
rNeg    . . .        b - +0 robe
rPois   .            (helmet restricted)
rElec   .            c - +0 cloak
rCorr   .            (gloves unavailable)
SInv    +            (boots unavailable)
Will    ++...        (no amulet) Stlth *********+
                     (no ring)
HPRegen 0.28/turn    (no ring)
MPRegen 0.22/turn

%: no teleportation
@: lethally poisoned (-6 -> -85), wreathed by umbra, very quick
A: very small, no large weapons, unfitting armour, see invisible, speed 3, frail
2, low MP 1, inability to drink after injury 1, inability to read after injury
2, devolution 1
a: Renounce Religion, Shadow Step, Shadow Form


You were in the Dungeon.
You worshipped Dithmenos.
Dithmenos was exalted by your worship.
You visited 1 branch You collected 2833 gold pieces.
You spent 272 gold pieces at shops.

Inventory:

Hand Weapons
 a - a +2 dagger (weapon)
 l - a +1 dagger of distortion
Missiles
 d - 9 poisoned darts
 e - 4 curare-tipped darts (quivered)
Armour
 b - a +0 robe (worn)
 c - a +0 cloak (worn)
 j - +0 gold dragon scales
 m - a +0 troll leather armour
Jewellery
 t - a ring of positive energy
Scrolls
 k - a scroll of vulnerability {unknown}
 o - 2 scrolls of identify {unknown}
 q - a scroll of amnesia {unknown}
 r - a scroll of enchant armour
 s - a scroll of fear {unknown}
Potions
 f - 4 potions of curing
 g - a potion of heal wounds
 h - a potion of haste
 i - 2 potions of magic
 n - a potion of enlightenment {unknown}
 p - a potion of brilliance {unknown}
 u - a potion of ambrosia {unknown}


   Skills:
 + Level 7.2 Fighting
 - Level 12.5 Short Blades
 - Level 2.5 Throwing
 + Level 20.1 Dodging
 O Level 27 Stealth
 + Level 18.3 Spellcasting
 - Level 10.0 Transmutations
 - Level 7.0 Earth Magic


You had 42 spell levels left.
You knew the following spells:

 Your Spells              Type           Power      Damage    Failure   Level
a - Passwall              Tmut/Erth      25%        N/A       1%          2
b - Tukima's Dance        Hex            10%        N/A       16%         3

Your spell library contained the following spells:

 Spells                   Type           Power      Damage    Failure   Level
 Sandblast                Erth           54%        2d13      1%          1
 Stone Arrow              Conj/Erth      38%        3d9       3%          3
 Brom's Barrelling Bould  Conj/Erth      19%        2d4       12%         4
 Dimensional Bullseye     Hex/Tloc       5%         N/A       45%         4
 Iskenderun's Mystic Bla  Conj/Tloc      10%        2d4       45%         4


Dungeon Overview and Level Annotations

Branches:
Dungeon (1/1)

Altars:
Cheibriados
Dithmenos
Elyvilon
Fedhas
Gozag
Hepliaklqana
Kikubaaqudgha
Makhleb
Nemelex Xobeh
Okawaru
Qazlal
Ru
Sif Muna
Trog
Uskayaw
Vehumet
Wu Jian
Xom
Yredelemnul
Zin
The Shining One
Jiyva
Lugonu

Shops:
D !:![[:[?=((=(:(*[(:[*!

Annotations:
D exclusion: oklob plant, Lom Lobon, Tiamat


Innate Abilities, Weirdness & Mutations

You are very small and have problems with some larger weapons.
You are too small for most types of armour.
You have supernaturally acute eyesight. (SInv)
You cover ground extremely quickly. (Speed+++)
You are very frail. (-20% HP)
Your magical capacity is low. (-10% MP)
You occasionally lose the ability to drink potions when taking damage.
You sometimes lose the ability to read scrolls when taking damage.
You have hidden genetic defects.


Message History

Unknown command.
The helpless Lom Lobon fails to defend themself.
You perforate Lom Lobon like a sieve!!!!!
Lom Lobon is severely wounded.
You are engulfed in dark miasma.
You are lethally poisoned!
You feel very sick.
Unknown command.
Unknown command.
You hit Lom Lobon.
Lom Lobon is severely wounded.
Your shadow hits Lom Lobon but does no damage.
You are engulfed in dark miasma.
You are more poisoned.
* * * LOW HITPOINT WARNING * * *
You feel extremely sick.
Lom Lobon gestures.
Lom Lobon is healed.
You hit Lom Lobon.
Lom Lobon is moderately wounded.
Your shadow completely misses Lom Lobon.
* * * LOW HITPOINT WARNING * * *
You feel extremely sick.
Unknown command.
Unknown command.
You feel much better.
You are engulfed in dark miasma.
You are more poisoned.
* * * LOW HITPOINT WARNING * * *
You emit a cloud of dark smoke.
You feel extremely sick. Lom Lobon hits you!
* * * LOW HITPOINT WARNING * * *
You emit a cloud of dark smoke.
You feel your power leaking away.
You hit Lom Lobon but do no damage.
Lom Lobon is moderately wounded.
You are engulfed in dark miasma.
You are more poisoned.
* * * LOW HITPOINT WARNING * * *
You die...

...#§##### ###....#.#
~~##.....
..#'.#%.)#####...####.#
~~y##....
.~####.)...)...###°°^○#
~~~~#####
~~##)).....#####°°°.###
~~~~#
~###.)..).##○°.°°°.^#
'9~~' ##
#[.)..##°○.^^°.^^#
##~~#~ ####.....#
°°.○°°§§^# ∩∩########
#○○&§..#
∩###≈≈≈≈≈≈≈≈d#°°@§§°#
## ###########○○°§§.+
#..0..+ ○○○○§§§.§#
##################


You could see Lom Lobon.

Vanquished Creatures
  A golden dragon (D)
  4 fire giants (D)
  A hydra (D)
  2 centaur warriors (D)
  4 demonic crawlers (D)
  Sonja (D)
  A deep troll (D)
  A lindwurm (D)
  8 shining eyes (D)
  An oklob plant (D)
  A merfolk siren (D)
  A gargoyle (D)
  2 kobold demonologists (D)
  7 unseen horrors (D)
  2 hornets (D)
  A hellwing (D)
  7 glass eyes (D)
  Sigmund (D)
  A slime creature (D)
  A yak (D)
  13 hogs (D)
  2 redbacks (D)
  An ogre (D)
  7 necrophages (D)
  8 jellies (D)
  Ijyb (D)
  A ballistomycete spore (D)
81 creatures vanquished.

Vanquished Creatures (others)
  A deep elf annihilator (D)
  2 hornets (D)
  A ballistomycete spore (D)
4 creatures vanquished.

Grand Total: 85 creatures vanquished

Notes
Turn   | Place    | Note
-------+----------+-------------------------------------------
     0 | D        | dialectric the Spriggan Brigand began the quest for the
                  | Orb.
     0 | D        | Reached XP level 1. HP: 10/10 MP: 2/2
     2 | D        | Noticed Ijyb
     4 | D        | Killed Ijyb
     5 | D        | Reached skill level 9 in Stealth
     5 | D        | Reached XP level 2. HP: 15/15 MP: 3/3
     7 | D        | Noticed an ogre
     9 | D        | Killed an ogre
    10 | D        | Reached skill level 13 in Stealth
    10 | D        | Reached XP level 3. HP: 19/19 MP: 4/4
    10 | D        | Reached XP level 4. HP: 23/23 MP: 5/5
    12 | D        | Noticed Sigmund
    14 | D        | Killed Sigmund
    15 | D        | Reached skill level 17 in Stealth
    15 | D        | Reached XP level 5. HP: 28/28 MP: 6/6
    26 | D        | Found a shimmering blue altar of Sif Muna.
    27 | D        | Found an ornate altar of the Wu Jian Council.
    28 | D        | Found a radiant altar of Vehumet.
    33 | D        | Reached XP level 6. HP: 32/32 MP: 7/7
    46 | D        | Found Irei's Antique Armour Emporium.
    46 | D        | Found an ancient bone altar of Kikubaaqudgha.
    46 | D        | Found a hazy altar of Hepliaklqana.
    46 | D        | Found a hide-covered altar of Uskayaw.
    46 | D        | Found a basalt altar of Yredelemnul.
    46 | D        | Found an opulent altar of Gozag.
    46 | D        | Found a snail-covered altar of Cheibriados.
    46 | D        | Found a sacrificial altar of Ru.
    46 | D        | Found a shadowy altar of Dithmenos.
    46 | D        | Noticed a yak
    47 | D        | Found a stormy altar of Qazlal.
    47 | D        | Found a blossoming altar of Fedhas.
    47 | D        | Found a bloodstained altar of Trog.
    47 | D        | Found an iron altar of Okawaru.
    47 | D        | Found a glowing golden altar of the Shining One.
    47 | D        | Found a glowing silver altar of Zin.
    47 | D        | Found a white marble altar of Elyvilon.
    48 | D        | Killed a yak
    49 | D        | Reached skill level 5 in Short Blades
    49 | D        | Reached skill level 19 in Stealth
    49 | D        | Found a sparkling altar of Nemelex Xobeh.
    55 | D        | Became a worshipper of Dithmenos the Shadowed
    73 | D        | Found a burning altar of Makhleb.
    73 | D        | Found a shimmering altar of Xom.
    73 | D        | Noticed a slime creature
    74 | D        | Found a viscous altar of Jiyva.
    74 | D        | Found a corrupted altar of Lugonu.
   143 | D        | Noticed a kobold demonologist
   144 | D        | Noticed a glass eye
   144 | D        | Noticed a kobold demonologist
   146 | D        | Killed a glass eye
   147 | D        | Reached skill level 20 in Stealth
   147 | D        | Reached XP level 7. HP: 37/37 MP: 8/8
   147 | D        | Killed a kobold demonologist
   148 | D        | Reached skill level 22 in Stealth
   149 | D        | Killed a kobold demonologist
   149 | D        | Reached * piety under Dithmenos
   150 | D        | Reached skill level 23 in Stealth
   150 | D        | Reached XP level 8. HP: 42/42 MP: 9/9
   169 | D        | Noticed Sonja
   173 | D        | Killed Sonja
   174 | D        | Reached skill level 5 in Fighting
   174 | D        | Reached skill level 25 in Stealth
   188 | D        | Noticed a deep troll
   192 | D        | Killed a deep troll
   193 | D        | Reached skill level 26 in Stealth
   193 | D        | Reached XP level 9. HP: 47/47 MP: 10/10
   203 | D        | Found Raminkax's Armour Emporium.
   223 | D        | Noticed a centaur warrior
   224 | D        | Noticed a centaur warrior
   226 | D        | Killed a centaur warrior
   226 | D        | Reached ** piety under Dithmenos
   227 | D        | Reached skill level 10 in Short Blades
   227 | D        | Reached skill level 27 in Stealth
   227 | D        | Killed a centaur warrior
   246 | D        | Noticed an oklob plant
   248 | D        | Killed an oklob plant
   248 | D        | Reached *** piety under Dithmenos
   249 | D        | Reached XP level 10. HP: 55/55 MP: 11/11
   258 | D        | Reached skill level 5 in Dodging
   271 | D        | Reached **** piety under Dithmenos
   279 | D        | Reached skill level 5 in Spellcasting
   279 | D        | Reached ***** piety under Dithmenos
   288 | D        | Found Ezeth's Magic Scroll Shoppe.
   288 | D        | Found Iqoquo's Antique Armour Shop.
   288 | D        | Found Lexug's Jewellery Boutique.
   416 | D        | Identified the +1 battleaxe "Etamimaam" {vamp, Int+2}
   419 | D        | Identified the +6 morningstar of Eczakkuv {heavy, rF+
                  | rCorr}
   432 | D        | Found Ysso's Antique Weapon Emporium.
   432 | D        | Found Xiuntya's Antique Weapon Shop.
   432 | D        | Found Caucvirch's Jewellery Shoppe.
   432 | D        | Found Jaz Hyve's Weapon Boutique.
   432 | D        | Found Ickaotul's Book Emporium.
   432 | D        | Found Gycoas's Antique Weapon Shop.
   432 | D        | Found Wuuppopu's Assorted Antiques.
   515 | D        | Found Debryse's Armour Boutique.
   516 | D        | Found Ytaor's Book Emporium.
   516 | D        | Found Puafaur's Weapon Boutique.
   517 | D        | Found Diunol's General Store.
   526 | D        | Bought a scroll of enchant armour for 82 gold pieces
   625 | D        | Noticed a demonic crawler
   625 | D        | Noticed a demonic crawler
   625 | D        | Noticed a demonic crawler
   625 | D        | Noticed a demonic crawler
   627 | D        | Killed a demonic crawler
   627 | D        | Reached ****** piety under Dithmenos
   628 | D        | Reached skill level 10 in Dodging
   628 | D        | Killed a demonic crawler
   630 | D        | Killed a demonic crawler
   631 | D        | Reached skill level 10 in Spellcasting
   631 | D        | Killed a demonic crawler
   632 | D        | Reached XP level 11. HP: 58/58 MP: 22/27
   645 | D        | Noticed a lindwurm
   649 | D        | Killed a lindwurm
  1032 | D        | Learned a level 2 spell: Passwall
  1036 | D        | Found Xeagepyts's Distillery.
  1044 | D        | Bought a potion of curing for 30 gold pieces
  1044 | D        | Bought 2 potions of invisibility for 160 gold pieces
  1045 | D        | Noticed a shining eye
  1045 | D        | Noticed a shining eye
  1045 | D        | Noticed a shining eye
  1046 | D        | Noticed a shining eye
  1046 | D        | Noticed a shining eye
  1046 | D        | Noticed a shining eye
  1048 | D        | Reached skill level 1 in Transmutations
  1048 | D        | Reached skill level 1 in Earth Magic
  1048 | D        | Noticed a shining eye
  1048 | D        | Noticed a shining eye
  1050 | D        | Killed a shining eye
  1052 | D        | Killed a shining eye
  1053 | D        | Reached skill level 15 in Dodging
  1056 | D        | Killed a shining eye
  1057 | D        | Reached skill level 5 in Transmutations
  1059 | D        | Killed a shining eye
  1064 | D        | Gained mutation: You are frail. (-10% HP) [a shining eye]
  1066 | D        | Killed a shining eye
  1067 | D        | Gained mutation: Your magical capacity is low. (-10% MP) [a
                  | shining eye]
  1126 | D        | Reached skill level 5 in Earth Magic
  1177 | D        | Noticed a 12-headed hydra
  1179 | D        | Killed a 12-headed hydra
  1199 | D        | Noticed a shadow dragon
  1199 | D        | Noticed a golden dragon
  1301 | D        | Noticed a daeva
  1328 | D        | Reached skill level 10 in Transmutations
  1337 | D        | Noticed a fire giant
  1340 | D        | Noticed a fire giant
  1340 | D        | Noticed a fire giant
  1340 | D        | Noticed a fire giant
  1341 | D        | Killed a fire giant
  1342 | D        | Reached skill level 15 in Spellcasting
  1342 | D        | Reached XP level 12. HP: 36/56 MP: 23/28
  1343 | D        | Killed a fire giant
  1345 | D        | Killed a fire giant
  1347 | D        | Killed a fire giant
  1351 | D        | Found the +4 dragonskin cloak
  1351 | D        | Noticed Tiamat
  1534 | D        | Gained mutation: You occasionally lose the ability to drink
                  | potions when taking damage. [a shining eye]
  1542 | D        | Gained mutation: You occasionally lose the ability to read
                  | scrolls when taking damage. [a shining eye]
  1546 | D        | Gained mutation: You sometimes lose the ability to read
                  | scrolls when taking damage. [a shining eye]
  1554 | D        | Gained mutation: You have hidden genetic defects. [a
                  | shining eye]
  1567 | D        | Found Kus Utt's Antique Armour Shop.
  1567 | D        | Found Juadd's Book Shoppe.
  1567 | D        | Found Kutoc's Book Boutique.
  1567 | D        | Found Tias's Distillery.
  1777 | D        | Noticed a deep elf annihilator
  1782 | D        | Noticed a mummy priest
  1805 | D        | Killed a golden dragon
  1813 | D        | Found Xahetueba's Distillery.
  1821 | D        | Gained mutation: You are very frail. (-20% HP) [hidden
                  | defects]
  1837 | D        | Learned a level 3 spell: Tukima's Dance
  1991 | D        | HP: 1/50 [something (6)]
  2068 | D        | Killed a deep elf annihilator
  2097 | D        | Noticed Lom Lobon
  2103 | D        | Succumbed to poison (dark miasma)

Illustrated notes

Levels and vault maps discovered:
D:        dungeon_sprint_1 [red_sonja_temple_1, red_sonja_temple_small_1]

Skill      XL: |  1  2  3  4  5  6  7  8  9 10 11 12 |
---------------+-------------------------------------+-----
Fighting       | 2 3 4 5 7 |  7.2
Stealth        | 9 13 17 20 23 26 27 | 27.0
Short Blades   | 3 4 6 7 8 12 | 12.5
Dodging        | 2 3 13 16 20 | 20.1
Spellcasting   | 11 15 18 | 18.3
Transmutations | 10 | 10.0
Earth Magic    | 7 |  7.0
Throwing       | |  2.5

Action                     |  1- 3 |  4- 6 |  7- 9 | 10-12 || total
---------------------------+-------+-------+-------+-------++-------
  Melee: Dagger            |     2 |     4 |     8 |   366 ||   380
         Punch             |       |       |       |     7 ||     7
  Throw: Dart              |       |       |       |     9 ||     9
   Cast: Passwall          |       |       |       |     1 ||     1
 Invoke: Shadow Step       |       |       |       |     3 ||     3
    Use: Potion            |       |       |       |     7 ||     7
         Scroll            |       |       |       |     1 ||     1
   Stab: Sleeping          |     2 |     4 |     8 |    39 ||    53
         Invisible         |       |       |       |     3 ||     3
         Distracted        |       |       |       |     1 ||     1
 Armour: Robe              |       |     1 |       |    59 ||    60
  Dodge: Dodged            |       |     2 |       |   216 ||   218

Table legend: (Time is in decaauts)
 A = Elapsed time spent in this place.
 B = Non-inter-level travel time spent in this place.
 C = Inter-level travel time spent in this place.
 D = Time resting spent in this place.
 E = Time spent auto-exploring this place.
 F = Levels seen in this place.
 G = Mean time per level.
                   A        B        C        D        E       F      G
               +--------+--------+--------+--------+--------+-----+--------+
         Total |   1571 |   1571 |      0 |    510 |    160 |   1 | 1571.0 |
       Dungeon |   1571 |   1571 |      0 |    510 |    160 |   1 | 1571.0 |
               +--------+--------+--------+--------+--------+-----+--------+

Top non-repeatable levels by time:
       D: 1571 daAuts
